Map: Ascension to Aiur LE

Players

Winthrowe

  • Race: Zerg Zerg
  • League: Silver
  • Spawn Location: 5:00

Rusher - Winner!

  • Race: Zerg Zerg
  • League: Platinum
  • Spawn Location: 11:00

VOD

Have the link to the VOD?

Description

Time

  • Played on: Aug. 18, 2017, 6:23 p.m.
  • Length: 5:30
Show
View Real Time Build Order
Export as new Build Order

Winthrowe Zerg 

Build Orders: Hatch First 

Get SALT Encoding   

  12  0:02  Drone  
  13  0:12  Overlord  
  13  0:17  Drone  
  14  0:25  Extractor  
  14  0:26  Drone  
  14  0:32  Drone  
  15  0:45  Drone  
  16  0:52  Drone  
  17  1:03  Drone  
  18  1:09  Drone  
  19  1:19  Drone  
  19  1:24  Hatchery  
  19  1:29  Drone  
  20  1:36  Spawning Pool  
  19  1:43  Burrow  
  19  1:46  Drone  
  20  1:56  Overlord  
  20  2:02  Drone  
  21  2:11  Extractor  
  20  2:28  Metabolic Boost  
  20  2:33  Drone x2  
  22  2:47  Drone  
  22  2:48  Drone x2  
  25  2:55  Queen x2  
  29  3:05  Drone  
  29  3:06  Drone x2  
  29  3:09  Extractor  
  29  3:10  Extractor  
  30  3:25  Roach Warren  
  30  3:26  Overlord  
  29  3:28  Drone x2  
  29  3:29  Drone  
  29  3:31  Drone  
  29  3:32  Drone  
  34  3:45  Drone  
  34  3:46  Drone  
  36  4:02  Drone x3  
  39  4:09  Lair  
  41  4:17  Roach x2  
  41  4:18  Overlord  
  41  4:19  Overlord x4  
  43  4:43  Baneling Nest  
  42  4:46  Roach  
  42  4:47  Zergling x14  
  42  4:48  Zergling x2  
  42  4:51  Zergling x2  
Show
View Real Time Build Order
Export as new Build Order

Rusher Zerg - Winner!

Build Orders: Pool First 

Get SALT Encoding   

  12  0:01  Drone  
  13  0:08  Drone  
  14  0:17  Overlord  
  14  0:37  Drone x3  
  17  0:48  Drone  
  18  0:55  Extractor  
  18  0:56  Extractor  
  16  0:57  Spawning Pool  
  16  1:00  Drone  
  16  1:14  Drone  
  17  1:21  Drone  
  18  1:30  Evolution Chamber  
  18  1:32  Overlord, Evolution Chamber  
  16  1:47  Drone  
  17  1:55  Queen  
  19  2:05  Zerg Melee Weapons Level 1  
  19  2:11  Drone  
  20  2:19  Spine Crawler  
  19  2:33  Zerg Ground Armor Level 1  
  19  2:39  Metabolic Boost  
  19  2:47  Zergling x4  
  21  2:57  Zergling x2  
  22  3:04  Zergling x2  
  24  3:12  Zergling x2  
  24  3:13  Zergling x4  
  24  3:19  Overlord  
  26  3:29  Zergling x2  
  27  3:45  Zergling x8  
  31  3:55  Pneumatized Carapace  
  31  3:56  Zergling x2  
  32  4:09  Hatchery, Zergling x2  
  32  4:14  Overlord  
  32  4:15  Zergling x2  
  33  4:27  Zergling x2  
  33  4:28  Drone  
  35  4:36  Drone  
  35  4:38  Queen  
  37  4:46  Drone x2  
  38  4:55  Drone  
  38  4:56  Drone  
  38  4:59  Drone  
  41  5:08  Drone  
Tags
 
Add a new tag
Caveats
  • Supply blocks, unpowered buildings, or Contaminate may cause inaccurate times.
  • Supply counts are checked every 10 seconds.